 Dungeon Crawl Stone Soup version 0.27-a0-836-gfc908b8576 (webtiles) character file.

Game seed: 12767299816499315408

65 Aviak the Ducker (level 4, -7/34 HPs)
             Began as a Djinni Gladiator on Mar 31, 2021.
             Mangled by an ogre
             ... wielding a +0 giant club
              (28 damage)
             ... on level 4 of the Dungeon.
             The game lasted 00:02:06 (2196 turns).

Aviak the Ducker (Djinni Gladiator)                 Turns: 2196, Time: 00:02:06

Health: -7/34      AC:  4    Str: 13    XL:     4   Next: 14%
Gold:   109        EV: 13    Int: 10    God:
                   SH:  0    Dex: 15

rFire    + + .     SeeInvis .   l - +2 short sword (flame)
rCold    x . .     Faith    .   (no shield)
rNeg     . . .     Spirit   .   b - +0 leather armour
rPois    ∞         Reflect  .   c - +0 helmet
rElec    .         Harm     .   (no cloak)
rCorr    .         Rampage  .   (no gloves)
Will     .....                  (boots unavailable)
Stlth    +.........             (no amulet)
HPRegen  0.11/turn              (no ring)
MPRegen  0.00/turn              (no ring)

@: brilliant, weak-willed, flying
A: fire resistance 2, cold vulnerability 1, float, innate caster, hp casting,
extra vitality 1
a: no special abilities


You were on level 4 of the Dungeon.
You visited 1 branch of the dungeon, and saw 4 of its levels.

You collected 109 gold pieces.

Inventory:

Hand Weapons
 a - a +0 long sword
 l - a +2 short sword of flaming (weapon)
Missiles
 d - 3 throwing nets (quivered) {!f}
Armour
 b - a +0 leather armour (worn)
 c - a +0 helmet (worn)
Jewellery
 j - a ring of magical power
 q - an amulet of guardian spirit
 r - an amulet of reflection
Scrolls
 h - a scroll of magic mapping
 m - a scroll of amnesia
Potions
 i - a potion of cancellation {unknown}
 k - a potion of curing {unknown}
 o - a potion of flight {unknown}
 p - a potion of attraction
 s - a potion of berserk rage {unknown}


   Skills:
 + Level 2.7 Fighting
 + Level 1.0(2.1) Short Blades
 - Level 2.8(3.0) Long Blades
 - Level 1.5 Throwing
 + Level 4.0 Dodging
 + Level 1.2 Spellcasting


You had 4 spell levels left.
You knew the following spells:

 Your Spells              Type           Power      Damage    Failure   Level
a - Freeze                Ice            16%        1d4       26%         1
Your spell library was empty.

Dungeon Overview and Level Annotations

Branches:
Dungeon (4/15)
 Temple: D:4-7

Altars:
Ashenzari
Dithmenos

Annotations:
D:4 1 runed translucent door


Innate Abilities, Weirdness & Mutations

You are immune to poison.
Your flesh is very heat resistant. (rF++)
You are vulnerable to cold. (rC-)
You float through the air rather than walking.
You learn spells naturally, not from books.
Your magical power is your life essence.
You have superior vitality. (+4 HP)


Message History

No target in view!
You now have 109 gold pieces (gained 14).
The endoplasm quivers.
An ogre comes into view. It is wielding a +0 giant club.
Found a sedimented black potion.
The ogre shouts!
An endoplasm is nearby!
An endoplasm is nearby!
The ogre barely misses you.
You barely miss the ogre. The ogre hits you with a +0 giant club!
You hit the ogre but do no damage. The ogre closely misses you.
You aren't carrying any items that you can evoke.
Okay, then.
Okay, then.
As you read the scroll labelled GUIPRE ESTRIEH, it crumbles to dust.
You feel aware of your surroundings.
It was a scroll of magic mapping.
As you read the scroll labelled EDIL ZAILURR, it crumbles to dust.
It is a scroll of amnesia.
You feel forgetful for a moment. The ogre hits you with a +0 giant club!
* * * LOW HITPOINT WARNING * * *
Unknown command.
Unknown command.
It was a potion of brilliance.
You feel clever all of a sudden. The ogre barely misses you.
It was a potion of heal wounds.
You feel much better. The ogre hits you with a +0 giant club!
The endoplasm misses you.
As you read the scroll labelled UMMUVYPS INOE, it crumbles to dust.
Magic quickly surges around you.
It was a scroll of vulnerability.
The ogre barely misses you.
As you read the scroll labelled ASUSAV JUINA, it crumbles to dust.
You hear a loud clanging noise!
It was a scroll of noise.
You hear a shout! x6; You hear an angry hiss.
You hear a shout! x2
As you read the scroll labelled ASCHAPS ELEOTET, it crumbles to dust.
It is a scroll of identify.
p - a potion of attraction The ogre hits you with a +0 giant club!!
Ouch! That really hurt!
You die...

#................#.......#..#
#......###.......#...........
###.......##..................#
**#.....................##.......
,*#......................#......#
,,##.#........##..J..............
,**#####.......###...............
,,*#.....####.####J..............
,##..#...####...@O.#...##........
*#...##...#................,,,,,,
**#....#.....>.###.#.......,,,,,,
**####.........#*###..!....,,,,,,
,*#................*....##.*,,,,,
,............##...........**,,,,,
,##..................##....,,,,,*
,#..........####.##...*....,**,,*
*#..........# *.#**..,,..#***,,,


You could see an ogre (weak-willed) and an endoplasm.

Vanquished Creatures
  3 adders
  An adder skeleton (D:4)
  An endoplasm (D:2)
  5 giant cockroaches
  A hobgoblin (D:1)
  3 quokkas
  4 ball pythons
  7 bats
  A frilled lizard (D:2)
  2 goblins
  4 kobolds
  4 rats
36 creatures vanquished.

Notes
Turn   | Place    | Note
-------+----------+-------------------------------------------
     0 | D:1      | Aviak the Djinni Gladiator began the quest for the Orb.
     0 | D:1      | Reached XP level 1. HP: 18/18 MP: 0/0
   337 | D:1      | Reached XP level 2. HP: 23/23 MP: 0/0
  1303 | D:3      | Found a broken altar of Ashenzari.
  1353 | D:3      | Reached XP level 3. HP: 26/29 MP: 0/0
  1353 | D:3      | Learned a level 1 spell: Freeze
  1524 | D:3      | Reached skill level 1 in Spellcasting
  1804 | D:3      | Found a shadowy altar of Dithmenos.
  1837 | D:4      | Noticed a scorpion
  1929 | D:4      | Found a runed translucent door.
  1929 | D:4      | Noticed a bullfrog
  2096 | D:4      | Reached skill level 1 in Short Blades
  2096 | D:4      | Reached XP level 4. HP: 33/34 MP: 0/0
  2146 | D:4      | Reached skill level 4 in Dodging
  2168 | D:4      | Noticed an ogre
  2196 | D:4      | Mangled by an ogre

Illustrated notes

Levels and vault maps discovered:
D:1:      lightli_arrival_chessboard, layout_basic,
          hangedman_decor_clover_reticule
D:2:      layout_loops_ring
D:3:      layout_rooms, nicolae_overflow_crystal_walls,
          lemuel_coloured_pillars_altar, serial_bayou_pond_d, interstate_on_off
D:4:      layout_cave_pools, ebering_ghost_sewer_f,
          chequers_serial_rivers_micro_b, st_stairs_5,
          chequers_hall_statues_corner_a

Skill      XL: |  1  2  3  4 |
---------------+-------------+-----
Spellcasting   | 1 |  1.2
Short Blades   | 1 |  1.0
Dodging        | 4 |  4.0
Fighting       | |  2.7
Long Blades    | |  2.8
Throwing       | |  1.5

Action                   |  1- 3 |  4- 6 || total
-------------------------+-------+-------++-------
Melee: Long sword        |    18 |       ||    18
       Short sword       |    54 |     5 ||    59
  Use: Scroll            |       |     5 ||     5
       Potion            |       |     2 ||     2
 Stab: Sleeping          |     1 |       ||     1
Armor: Leather armour    |    29 |       ||    29
Dodge: Dodged            |    52 |     6 ||    58
       Rpst.: Long sword |    11 |       ||    11

Table legend: (Time is in decaauts)
 A = Elapsed time spent in this place.
 B = Non-inter-level travel time spent in this place.
 C = Inter-level travel time spent in this place.
 D = Time resting spent in this place.
 E = Time spent auto-exploring this place.
 F = Levels seen in this place.
 G = Mean time per level.
                   A        B        C        D        E       F      G
               +--------+--------+--------+--------+--------+-----+--------+
         Total |   2202 |   2064 |    138 |     60 |   1743 |   4 |  550.5 |
       Dungeon |   2202 |   2064 |    138 |     60 |   1743 |   4 |  550.5 |
               +--------+--------+--------+--------+--------+-----+--------+

Top non-repeatable levels by time:
     D:3: 762 daAuts
     D:2: 674 daAuts
     D:1: 545 daAuts
     D:4: 219 daAuts
